 Dungeon Crawl Stone Soup version 0.21.0-3-g78d12a8 (webtiles) character file.

1444 Suckerboh the Carver (level 9, -2/69 HPs)
             Began as a Formicid Abyssal Knight on Jan 15, 2018.
             Was an Elder of Lugonu.
             Slain by a centaur
             ... wielding a +0 scimitar
              (8 damage)
             ... on level 6 of the Dungeon.
             The game lasted 00:10:39 (7525 turns).

Suckerboh the Carver (Formicid Abyssal Knight)      Turns: 7525, Time: 00:10:39

Health: -2/69      AC:  9    Str: 20    XL:     9   Next: 4%
Magic:  9/10       EV: 12    Int: 12    God:    Lugonu [****..]
Gold:   159        SH:  2    Dex: 13    Spells: 8/8 levels left

rFire    . . .     SeeInvis +   a - +2 falchion
rCold    . . .     Gourm    .   (no shield)
rNeg     . . .     Faith    .   u - +1 ring mail {MR+}
rPois    .         Spirit   .   (helmet unavailable)
rElec    .         Reflect  +   (no cloak)
rCorr    .         Harm     .   (no gloves)
MR       +....                  n - +1 pair of boots
Stlth    +.........             p - +2 amulet of reflection
HPRegen  0.21/turn              m - +3 ring of strength
MPRegen  0.12/turn              (no ring)

@: no status effects
A: permanent stasis, dig shafts and tunnels, four strong arms, antennae 3
a: Dig, Shaft Self, Depart the Abyss, Bend Space, Banish, Corrupt, Renounce
Religion


You were on level 6 of the Dungeon.
You worshipped Lugonu.
Lugonu was greatly pleased with you.
You were not hungry.

You visited 1 branch of the dungeon, and saw 6 of its levels.
You visited the Abyss 1 time.

You collected 183 gold pieces.
You spent 24 gold pieces at shops.

Inventory:

Hand Weapons
 a - a +2 falchion (weapon)
Armour
 n - a +1 pair of boots (worn)
 u - a +1 ring mail of magic resistance (worn)
 x - a +0 large shield
Jewellery
 m - a +3 ring of strength (left hand)
 p - a +2 amulet of reflection (around neck)
Scrolls
 e - 2 scrolls of remove curse
 l - 4 scrolls of identify
 q - a scroll of enchant armour
Potions
 d - 2 potions of magic {unknown}
 f - a potion of invisibility
 g - a potion of berserk rage
 h - 4 potions of heal wounds
 i - 4 potions of brilliance {unknown}
 j - 2 potions of agility {unknown}
 s - 2 potions of flight {unknown}
 t - a potion of might {unknown}
 v - 2 potions of curing
 A - 2 potions of lignification {unknown}
Books
 o - a book of Changes

   Spells                             Type                      Level
   a - Beastly Appendage              Transmutation                1
   b - Sticks to Snakes               Transmutation                2
   c - Spider Form                    Transmutation/Poison         3
   d - Ice Form                       Ice/Transmutation            4
   e - Blade Hands                    Transmutation                5
Comestibles
 b - 6 chunks of flesh
 c - 3 rations


   Skills:
 + Level 5.7 Fighting
 * Level 8.3 Long Blades
 + Level 4.3 Armour
 + Level 3.0 Dodging
 * Level 1.1 Shields
 * Level 2.5 Invocations


You had 8 spell levels left.
You didn't know any spells.

Dungeon Overview and Level Annotations

Branches:
Dungeon (6/15)
 Temple: D:4-7

Altars:
Dithmenos
Elyvilon
Gozag
Kikubaaqudgha
Qazlal
Ru
Yredelemnul
Zin

Shops:
D:4 :%*


Innate Abilities, Weirdness & Mutations

You cannot be hasted, slowed, berserked, paralysed or teleported.
You can dig through walls and to a lower floor.
Your four strong arms can wield two-handed weapons with a shield.
You have a pair of large antennae on your head. (SInv)


Message History

* * * LOW HITPOINT WARNING * * *
You slash the centaur!
The centaur is moderately wounded.
You block the centaur's attack. The centaur barely misses you.
You riposte.
You hit the centaur.
The centaur is moderately wounded.
You slash the centaur!
The centaur is severely wounded.
The centaur hits you with an uncursed scimitar.
* * * LOW HITPOINT WARNING * * *
The centaur misses you. Space bends around you!
You blink.
Found 15 stones.
Okay, then.
Press: ? - help, Shift-Dir - straight line, f - centaur
Aim: a centaur, wielding a scimitar (severely wounded, berserk, fast, unusually strong, chance to defeat MR: 81%)
You fail to use your ability.
The centaur rages.
The centaur hits you with an uncursed scimitar!
You die...

##########
#.........
#.........
#.......(.
#.........
#.@.......
#..c...... {
#.........
##........
#.###.#######
#.#...ยง.....#..
#.#########.#..
#.# #.#.# #.#.#
##


You could see a centaur (berserk).

Vanquished Creatures
  Menkaure (D:4)
  Duvessa (D:6)
  A water moccasin (D:5)
  A phantom (D:5)
  An ogre (D:4)
  3 centaurs (D:5)
  Dowan (D:6)
  A howler monkey (D:6)
  A crimson imp (D:5)
  A quasit (D:5)
  An iguana (D:4)
  4 orc wizards
  Jessica (D:2)
  Natasha (thrice) (D:2)
  Terence (D:2)
  3 worker ants
  7 adders
  A shadow imp (D:5)
  2 oozes
  An adder skeleton (D:4)
  A worm (D:2)
  A dart slug (D:1)
  3 leopard geckos
  13 orcs
  11 bats
  5 giant cockroaches
  7 goblins
  8 hobgoblins
  23 jackals
  2 quokkas
  6 frilled lizards
  A jackal zombie (D:3)
  5 kobolds
  A quokka zombie (D:5)
  5 rats
128 creatures vanquished.

Vanquished Creatures (others)
  A human (D:2)
1 creature vanquished.

Grand Total: 129 creatures vanquished

Notes
Turn   | Place    | Note
-------+----------+-------------------------------------------
     0 | Abyss:1  | Suckerboh the Formicid Abyssal Knight began the quest for the Orb.
     0 | Abyss:1  | Reached XP level 1. HP: 18/18 MP: 2/2
    14 | D:1      | Escaped the Abyss
   159 | D:1      | Reached XP level 2. HP: 19/24 MP: 3/3
   303 | D:1      | Reached skill level 1 in Dodging
   303 | D:1      | Reached XP level 3. HP: 23/30 MP: 4/4
   306 | D:1      | Reached ** piety under Lugonu
  1327 | D:2      | Reached skill level 3 in Long Blades
  1359 | D:2      | Noticed Natasha
  1359 | D:2      | Reached XP level 4. HP: 37/37 MP: 5/5
  1454 | D:2      | Noticed Jessica
  1462 | D:2      | Killed Jessica
  1710 | D:2      | Reached XP level 5. HP: 30/42 MP: 6/6
  2550 | D:2      | Reached skill level 4 in Long Blades
  2559 | D:2      | Killed Natasha
  2567 | D:2      | Found an ancient bone altar of Kikubaaqudgha.
  2659 | D:2      | Noticed a human
  2662 | D:2      | Killed a human
  2752 | D:2      | Noticed Terence
  2762 | D:2      | Killed Terence
  2792 | D:2      | Noticed Natasha
  2799 | D:2      | Killed Natasha
  2799 | D:2      | Reached XP level 6. HP: 31/49 MP: 7/7
  3160 | D:2      | Noticed Natasha
  3173 | D:2      | Killed Natasha
  3353 | D:3      | Reached *** piety under Lugonu
  3670 | D:3      | Found a sacrificial altar of Ru.
  3812 | D:3      | Reached skill level 5 in Long Blades
  4347 | D:3      | You fall through a shaft for 2 floors!
  4347 | D:5      | Entered Level 5 of the Dungeon
  4347 | D:5      | Found a basalt altar of Yredelemnul.
  4364 | D:5      | Reached XP level 7. HP: 15/55 MP: 8/8
  4365 | D:5      | HP: 2/55 [orc wizard/dagger (3)]
  4375 | D:5      | Found a stormy altar of Qazlal.
  4380 | D:4      | Found Coneof's General Store.
  4817 | D:3      | Found an opulent altar of Gozag.
  4993 | D:4      | Found Vuqudenn's Food Emporium.
  5021 | D:4      | Found a shadowy altar of Dithmenos.
  5027 | D:4      | Noticed Menkaure
  5038 | D:4      | Killed Menkaure
  5038 | D:4      | Reached skill level 6 in Long Blades
  5244 | D:4      | Reached skill level 5 in Fighting
  5620 | D:4      | Reached XP level 8. HP: 54/62 MP: 9/9
  5719 | D:4      | Found a stormy altar of Qazlal.
  5880 | D:4      | Found a glowing silver altar of Zin.
  5892 | D:4      | Bought a scroll of identify for 24 gold pieces
  5938 | D:4      | Found Exzenius's Book Emporium.
  6602 | D:5      | Reached skill level 7 in Long Blades
  6983 | D:5      | Found a white marble altar of Elyvilon.
  7067 | D:5      | Reached **** piety under Lugonu
  7195 | D:6      | Noticed Dowan
  7198 | D:6      | Noticed Duvessa
  7348 | D:6      | Killed Duvessa
  7348 | D:6      | Reached skill level 8 in Long Blades
  7440 | D:6      | Killed Dowan
  7440 | D:6      | Reached skill level 1 in Shields
  7440 | D:6      | Reached XP level 9. HP: 65/69 MP: 10/10
  7525 | D:6      | Slain by a centaur

Skill      XL: |  1  2  3  4  5  6  7  8 |
---------------+-------------------------+-----
Dodging        | 1 2 3 |  3.0
Fighting       | 4 5 |  5.7
Long Blades    | 3 4 5 6 8 |  8.3
Armour         | 3 4 |  4.3
Shields        | 1 |  1.1
Invocations    | |  2.5

Action                   |  1- 3 |  4- 6 |  7- 9 || total
-------------------------+-------+-------+-------++-------
Melee: Falchion          |   106 |   214 |   257 ||   577
Invok: Bend Space        |       |       |     2 ||     2
  Use: Potion            |       |       |     1 ||     1
       Scroll            |       |       |     7 ||     7
 Stab: Sleeping          |       |     1 |       ||     1
  Eat: Chunk             |     2 |     6 |     8 ||    16
       Ration            |       |     1 |     1 ||     2
Armor: Leather armour    |    36 |    46 |     4 ||    86
       Ring mail         |       |       |    94 ||    94
Dodge: Dodged            |    59 |   142 |   174 ||   375
Block: Other             |       |       |     2 ||     2
       Rpst.: Falchion   |    23 |    51 |    46 ||   120
